 Dungeon Sprint DCSS version 0.24-a0-317-g5cb8de4b22 (webtiles) character file.

Game seed: 676149773295349304

1300000 Hercules1031 the Severer (level 11, -19/117 HPs)
             Began as a Deep Dwarf Warper on May 16, 2019.
             Was an Initiate of Makhleb.
             Demolished by a meat berserker
             ... wielding a +9 battleaxe
              (63 damage)
             ... in the Dungeon (Sprint VIII: "Arena of Blood").
             The game lasted 00:00:44 (13 turns).

Hercules1031 the Severer (Deep Dwarf Warper)          Turns: 13, Time: 00:00:44

Health: -19/117    AC:  5    Str: 15    XL:     11   Next: 71%
Magic:  13/13      EV: 23    Int: 14    God:    Makhleb [......]
Gold:   0          SH:  0    Dex: 15    Spells: 13/13 levels left

rFire    . . .     SeeInvis .   c - +∞ Axe of Woe
rCold    . . .     Gourm    .   (shield currently unavailable)
rNeg     . . .     Faith    .   b - +0 leather armour
rPois    .         Spirit   .   (no helmet)
rElec    .         Reflect  .   (no cloak)
rCorr    .         Harm     .   (no gloves)
MR       +....     NoTele   +   (no boots)
Stlth    +.........             (no amulet)
HPRegen  0.00/turn              (no ring)
MPRegen  0.13/turn              (no ring)

@: non-regenerating
A: damage resistance, heal wounds, sense surroundings 2, no regeneration
a: Heal Wounds, Renounce Religion


You were in the Dungeon.
You worshipped Makhleb.
Makhleb was noncommittal.
You were not hungry.

You visited 1 branch

Inventory:

Hand Weapons
 a - a +0 hand axe
 c - the +∞ Axe of Woe (weapon)
   (You found it in the Dungeon)
Missiles
 e - 5 boomerangs of dispersal (quivered)
Armour
 b - a +0 leather armour (worn)
Scrolls
 d - 2 scrolls of blinking
Potions
 g - a potion of curing
 h - a potion of heal wounds
 i - a potion of haste
 j - 2 potions of magic
 k - a potion of berserk rage
Comestibles
 f - a ration


   Skills:
 + Level 13.6 Fighting
 + Level 15.8 Axes
 - Level 0.8 Throwing
 + Level 15.7 Armour
 + Level 15.8 Dodging
 - Level 1.7 Spellcasting
   Level 3.2 Translocations


You had 13 spell levels left.
You didn't know any spells.
Your spell library contained the following spells:

 Spells                   Type           Power        Failure   Level  Hunger
 Blink                    Tloc           N/A          11%         2    ###....
 Shroud of Golubria       Chrm/Tloc      #.........   22%         2    ###....
 Gell's Gravitas          Tloc           ##........   22%         3    ####...
 Lesser Beckoning         Tloc           ##........   22%         3    ####...
 Teleport Other           Tloc           ##......     22%         3    ####...
 Passage of Golubria      Tloc           N/A          58%         4    #####..


Dungeon Overview and Level Annotations

Branches:
Dungeon (1/1)

Altars:
Makhleb


Innate Abilities, Weirdness & Mutations

You are resistant to damage.
You can heal yourself by infusing magical energy.
You passively map the area around you.
You do not regenerate.


Message History

You feel agile.
You have reached level 7!
You have reached level 8!
You feel clever.
You have reached level 9!
Your experience leads to an increase in your attributes!
Increase (S)trength, (I)ntelligence, or (D)exterity?
You feel agile.
Your attunement to dungeon structure grows.
You have reached level 10!
You have reached level 11!
You hear a shout! x7
The meat berserker completely misses you.
You hear a shout! x2
The meat berserker hits you with a +9 battleaxe!!!!
Ouch! That really hurt!
You hear a shout! x8
The meat berserker hits you with a +9 battleaxe!!!
Ouch! That really hurt!
You die...

,,, ,, , , , , , ,
........ ...... .. ,
.#....... #.....,.# ,
,, , ....#....
#.......# ,,
.#......###.... ..###.
,,
.............###......
*
.....#........_......
, , ,
...#.......#.....# ,,
, , *
#......@oO.#_.<._#
,...#..OO)..#.....#..,
,
,.....#O....o.._......
,
..........o..###......
, , ........###.o..
..###. .........
#.......# , ,
,,...o.....,#.......#
* , ,#.......
........., , ,#.#..,
,.........


You could see 4 meat berserkers and 5 bags of meat.

Vanquished Creatures
  An orc (D)
1 creature vanquished.

Notes
Turn   | Place    | Note
-------+----------+-------------------------------------------
     0 | D        | Found the +∞ Axe of Woe
     0 | D        | Hercules1031 the Deep Dwarf Warper began the quest for the
                  | Orb.
     0 | D        | Reached XP level 1. HP: 19/19 MP: 3/3
     3 | D        | Noticed a bag of meat
     5 | D        | Became a worshipper of Makhleb the Destroyer
     7 | D        | Noticed a bag of meat
     7 | D        | Noticed a bag of meat
     8 | D        | Noticed a meat berserker
     8 | D        | Noticed a bag of meat
     9 | D        | Noticed a meat berserker
    10 | D        | Noticed a meat berserker
    10 | D        | Noticed a bag of meat
    10 | D        | Noticed a bag of meat
    12 | D        | Noticed a meat berserker
    12 | D        | Noticed a meat berserker
    12 | D        | Noticed a meat berserker
    12 | D        | Noticed a bag of meat
    12 | D        | Noticed a bag of meat
    13 | D        | Killed a bag of meat
    13 | D        | Reached skill level 15 in Axes
    13 | D        | Reached skill level 15 in Armour
    13 | D        | Reached skill level 15 in Dodging
    13 | D        | Reached XP level 2. HP: 48/48 MP: 4/4
    13 | D        | Reached XP level 3. HP: 55/55 MP: 5/5
    13 | D        | Reached XP level 4. HP: 63/63 MP: 6/6
    13 | D        | Reached XP level 5. HP: 70/70 MP: 7/7
    13 | D        | Reached XP level 6. HP: 79/79 MP: 8/8
    13 | D        | Reached XP level 7. HP: 86/86 MP: 9/9
    13 | D        | Reached XP level 8. HP: 94/94 MP: 10/10
    13 | D        | Gained mutation: You passively map the area around you.
                  | [Deep Dwarf growth]
    13 | D        | Reached XP level 9. HP: 102/102 MP: 11/11
    13 | D        | Reached XP level 10. HP: 110/110 MP: 12/12
    13 | D        | Reached XP level 11. HP: 117/117 MP: 13/13
    13 | D        | Demolished by a meat berserker

Levels and vault maps discovered:
D:        meatsprint

Skill      XL: |  1 |
---------------+----+-----
Fighting       | 13 | 13.6
Axes           | 15 | 15.8
Armour         | 15 | 15.7
Dodging        | 15 | 15.8
Throwing       | |  0.8
Spellcasting   | |  1.7
Translocations | |  3.2

Action                   |  1- 3 |  4- 6 |  7- 9 | 10-12 || total
-------------------------+-------+-------+-------+-------++-------
Melee: Executioner's axe |     1 |       |       |       ||     1
Dodge: Dodged            |     1 |       |       |     1 ||     2

Table legend:
 A = Non-vault XP
 B = Vault XP
 C = Vault XP percentage of total XP
 D = Non-vault monster count
 E = Vault monster count
 F = Vault count percentage of total count
                 A         B        C        D         E       F
            +---------+---------+-------+---------+---------+-------
      Total |       0 |   18760 | 100.0 |       0 |       1 | 100.0
            +---------+---------+-------+---------+---------+-------
          D |       0 |   18760 | 100.0 |       0 |       1 | 100.0
            +---------+---------+-------+---------+---------+-------
